 Dungeon Sprint DCSS version 0.29-a0-512-gf59ac788ac (webtiles) character file.

Game seed: 17183540616292514852

5348 mhtbhm the Grappler (level 10, 0/104 HPs)
             Began as a Troll Transmuter on May 30, 2022.
             Was an Initiate of Gozag.
             Slain by Agnes
             ... wielding a +0 lajatang of speed
              (33 damage)
             ... in the Dungeon (Sprint IV: "Fedhas' Mad Dash").
             The game lasted 00:06:08 (1208 turns).

mhtbhm the Grappler (Troll Transmuter)              Turns: 1208, Time: 00:06:09

Health: 0/104      AC:  6    Str: 24    XL:     10   Next: 38%
Magic:  15/19      EV: 11    Int:  9    God:    Gozag
Gold:   1056       SH:  0    Dex: 10    Spells: 13/23 levels left

rFire   . . .      SeeInvis .     - Unarmed
rCold   + + +      Faith    .   (shield currently unavailable)
rNeg    . . .      Spirit   .   (body armour currently unavailable)
rPois   +          Reflect  .   (helmet currently unavailable)
rElec   +          Harm     .   (cloak currently unavailable)
rCorr   +          Rampage  .   (gloves unavailable)
Will    .....      NoTele   +   (boots unavailable)
Stlth   +++.......              c - amulet of invisibility {+Inv}
HPRegen 1.07/turn               (no ring)
MPRegen 0.16/turn               (no ring)

@: mighty, ice-form, resistant, wereblooded (expiring), hasted, very quick
A: freezing attack, amphibious, boosted hp, large, unfitting armour, (claws 3),
regeneration 1, (shaggy fur 1), (tough skin 1)
a: End Transformation, Renounce Religion, Evoke Invisibility, Potion Petition,
Call Merchant, Bribe Branch


You were in the Dungeon.
You worshipped Gozag.
Gozag was most pleased with you.
You were a creature of crystalline ice.
You visited 1 branch You collected 2464 gold pieces.
You spent 278 gold pieces at shops.
You paid 1130 gold pieces to Gozag.

Inventory:

Armour
 a - a +2 robe (melded)
Jewellery
 c - the amulet of invisibility (around neck) {+Inv}
   (You found it in the Dungeon)

   [amulet of nothing]

   +Inv:      It lets you turn invisible.
 k - the ring of Sophism {rF+ rC+ MP+9 Dex+4 Slay-5}
   (You found it in the Dungeon)

   [ring of magical power]

   Dex:       It affects your dexterity (+4).
   Slay:      It affects your accuracy & damage with ranged weapons and melee
   (-5).
   rF:        It protects you from fire.
   rC:        It protects you from cold.
   MP:        It affects your magic capacity (+9).
Scrolls
 h - a scroll of blinking
 i - 2 scrolls of identify {unknown}
 l - a scroll of amnesia {unknown}
 m - 2 scrolls of fog
Potions
 b - a potion of lignification
 f - 2 potions of magic
 g - a potion of berserk rage
 j - 2 potions of curing


   Skills:
 + Level 1.9 Fighting
 + Level 5.1 Dodging
 + Level 6.2 Stealth
 + Level 14.5 Unarmed Combat
 + Level 7.2 Spellcasting
 + Level 7.7 Transmutations
 + Level 1.7 Ice Magic
 + Level 0.6 Poison Magic
 + Level 6.2 Evocations


You had 13 spell levels left.
You knew the following spells:

 Your Spells              Type           Power      Damage    Failure   Level
a - Beastly Appendage     Tmut           34%        N/A       1%          1
b - Wereblood             Tmut           17%        N/A       1%          2
c - Spider Form           Tmut/Pois      10%        N/A       11%         3
d - Ice Form              Ice/Tmut       11%        N/A       28%         4

Your spell library contained the following spells:

 Spells                   Type           Power      Damage    Failure   Level
 Apportation              Tloc           6%         N/A       21%         1
 Necrotize                Necr           12%        1d4       21%         1
 Summon Small Mammal      Summ           12%        N/A       21%         1


Dungeon Overview and Level Annotations

Branches:
Dungeon (1/1)

Altars:
Cheibriados
Dithmenos
Elyvilon
Gozag
Hepliaklqana
Kikubaaqudgha
Makhleb
Nemelex Xobeh
Okawaru
Qazlal
Ru
Sif Muna
Trog
Uskayaw
Vehumet
Wu Jian
Xom
Yredelemnul
Zin
The Shining One
Beogh
Jiyva
Lugonu

Shops:
D :*[=**(

Annotations:
D Agnes


Innate Abilities, Weirdness & Mutations

You are a creature of crystalline ice.
You have a powerful freezing melee attack.
You are amphibious.
Your maximum health is increased.
Your armour is entirely melded.
You are incapable of wielding weapons or throwing items.
You are too large for most types of armour.
((You have claws for hands.))
Your natural rate of healing is unusually fast.
((You are covered in fur. (AC +1)))
((You have tough skin. (AC +1)))


Message History

You feel protected.
You feel very mighty all of a sudden.
You feel much better.
You feel better.
Unknown command.
Unknown command.
Unknown command.
You aren't carrying any items that you can evoke.
Unknown command.
Okay, then.
There is an open door, spattered with blood here.
Items here: ))) [[[.
Unknown command.
You aren't carrying any items that you can evoke.
Agnes misses you.
Agnes hits you with a +0 lajatang of speed.
You beat Agnes into a bloody pulp!!!
You freeze Agnes.
Agnes is severely wounded.
Agnes hits you with a +0 lajatang of speed.
You closely miss Agnes.
Agnes is severely wounded.
Agnes barely misses you.
Agnes hits you with a +0 lajatang of speed!!
You closely miss Agnes.
Agnes is severely wounded.
Agnes closely misses you.
You punch Agnes! You freeze Agnes.
Agnes is almost dead.
Agnes hits you with a +0 lajatang of speed!
You punch Agnes! You freeze Agnes.
Agnes is almost dead.
Agnes hits you with a +0 lajatang of speed!
Agnes hits you with a +0 lajatang of speed.
You closely miss Agnes.
Agnes is almost dead.
Your primal bloodlust is almost over.
Agnes misses you.
You closely miss Agnes.
Agnes is almost dead.
Agnes hits you with a +0 lajatang of speed!!
You die...
Your body crumbles into a pile of gold.

#######################
_.⌠.#..)...#....##∩##|#
._..'.)#...#....'.|##'#
_...#..###[##...##∩#..####
._..#.)##∩∩.'...#####....#
_.⌠.#################...∩#
#########......###.....♣.#
###.'..'i....).iY)...♣..∩#
##..#..#.P.....###########
###.##'##.P....#
'...#♣.♣######## #####...
♣.. .... ♣... #####


You could see Agnes.

Vanquished Creatures
  A spriggan druid (D)
  6 oklob plants (D)
  A demonic crawler (D)
  3 burning bushes (D)
  A queen bee (D)
  3 wandering mushrooms (D)
  A hornet (D)
  3 scorpions (D)
  4 killer bees (D)
  5 oklob saplings (D)
  5 spriggans (D)
  A river rat (D)
  A rat (D)
  A ballistomycete spore (D)
36 creatures vanquished.

Vanquished Creatures (others)
  A fungus (D)
1 creature vanquished.

Grand Total: 37 creatures vanquished

Notes
Turn   | Place    | Note
-------+----------+-------------------------------------------
     0 | D        | mhtbhm the Troll Transmuter began the quest for the Orb.
     0 | D        | Reached XP level 1. HP: 18/18 MP: 1/1
    14 | D        | Reached skill level 4 in Unarmed Combat
    14 | D        | Reached XP level 2. HP: 25/26 MP: 0/3
   147 | D        | Learned a level 2 spell: Wereblood
   153 | D        | Noticed an oklob sapling
   156 | D        | Killed an oklob sapling
   157 | D        | Reached skill level 5 in Unarmed Combat
   157 | D        | Reached XP level 3. HP: 32/32 MP: 0/5
   157 | D        | Noticed a scorpion
   158 | D        | Found the amulet of invisibility {+Inv}
   163 | D        | Killed a scorpion
   164 | D        | Reached skill level 7 in Unarmed Combat
   164 | D        | Reached XP level 4. HP: 20/40 MP: 1/7
   230 | D        | Found an opulent altar of Gozag.
   230 | D        | Found a hazy altar of Hepliaklqana.
   230 | D        | Found a burning altar of Makhleb.
   230 | D        | Found a sparkling altar of Nemelex Xobeh.
   230 | D        | Found a snail-covered altar of Cheibriados.
   230 | D        | Found a sacrificial altar of Ru.
   230 | D        | Found a shimmering blue altar of Sif Muna.
   230 | D        | Found a shimmering altar of Xom.
   230 | D        | Found a basalt altar of Yredelemnul.
   231 | D        | Found a viscous altar of Jiyva.
   231 | D        | Found a bloodstained altar of Trog.
   231 | D        | Found an ornate altar of the Wu Jian Council.
   232 | D        | Found an iron altar of Okawaru.
   232 | D        | Found a shadowy altar of Dithmenos.
   232 | D        | Found a glowing silver altar of Zin.
   233 | D        | Found an ancient bone altar of Kikubaaqudgha.
   233 | D        | Found a hide-covered altar of Uskayaw.
   234 | D        | Found a stormy altar of Qazlal.
   234 | D        | Found a white marble altar of Elyvilon.
   234 | D        | Found a glowing golden altar of the Shining One.
   235 | D        | Became a worshipper of Gozag Ym Sagoz the Greedy
   236 | D        | Found a corrupted altar of Lugonu.
   236 | D        | Found a radiant altar of Vehumet.
   243 | D        | Reached skill level 8 in Unarmed Combat
   243 | D        | Reached XP level 5. HP: 46/46 MP: 2/8
   411 | D        | Reached skill level 1 in Fighting
   421 | D        | Reached skill level 1 in Evocations
   425 | D        | Reached skill level 9 in Unarmed Combat
   425 | D        | Reached XP level 6. HP: 51/55 MP: 2/10
   429 | D        | Learned a level 3 spell: Spider Form
   434 | D        | Learned a level 4 spell: Ice Form
   446 | D        | Found Utugg's Antique Armour Shop.
   446 | D        | Found Heovaly's Assorted Antiques.
   540 | D        | Bought a glowing robe for 114 gold pieces
   541 | D        | Bought a runed robe for 114 gold pieces
   625 | D        | Noticed a queen bee
   632 | D        | Killed a queen bee
   633 | D        | Reached skill level 1 in Stealth
   633 | D        | Reached skill level 10 in Unarmed Combat
   633 | D        | Reached skill level 5 in Transmutations
   633 | D        | Reached XP level 7. HP: 62/62 MP: 3/12
   647 | D        | Noticed an oklob plant
   656 | D        | Killed an oklob plant
   657 | D        | Reached skill level 11 in Unarmed Combat
   657 | D        | Reached skill level 5 in Spellcasting
   657 | D        | Reached XP level 8. HP: 71/71 MP: 4/14
   738 | D        | Noticed a burning bush
   743 | D        | Killed a burning bush
   802 | D        | Noticed a burning bush
   802 | D        | Noticed a wandering mushroom
   803 | D        | Noticed a wandering mushroom
   805 | D        | Killed a wandering mushroom
   815 | D        | Killed a burning bush
   816 | D        | Reached skill level 12 in Unarmed Combat
   818 | D        | Found Acvuc's General Store.
   818 | D        | Found Yzebiorch's Jewellery Shoppe.
   883 | D        | Noticed a burning bush
   883 | D        | Noticed an oklob plant
   888 | D        | Noticed a wandering mushroom
   893 | D        | Killed a burning bush
   894 | D        | Reached XP level 9. HP: 79/79 MP: 9/17
   901 | D        | Killed an oklob plant
   902 | D        | Reached skill level 5 in Evocations
   936 | D        | Killed a wandering mushroom
   937 | D        | Reached skill level 13 in Unarmed Combat
   937 | D        | Identified the ring of Sophism {rF+ rC+ MP+9 Dex+4 Slay-5}
   953 | D        | Noticed a spriggan druid
   954 | D        | Killed a spriggan druid
   955 | D        | Reached skill level 5 in Stealth
   962 | D        | Noticed an oklob plant conjurer
   965 | D        | Killed an oklob plant conjurer
   981 | D        | Noticed an oklob plant
   981 | D        | Noticed an oklob plant summoner
   982 | D        | Noticed an oklob plant shifter
   987 | D        | Killed an oklob plant
   988 | D        | Reached skill level 1 in Ice Magic
   988 | D        | Reached XP level 10. HP: 87/87 MP: 11/19
   990 | D        | Killed an oklob plant summoner
   991 | D        | Reached skill level 5 in Dodging
   994 | D        | Killed an oklob plant shifter
   995 | D        | Reached skill level 14 in Unarmed Combat
  1122 | D        | Noticed a spriggan rider
  1123 | D        | Found Luamini's General Store.
  1142 | D        | Found Ryonu's Antique Weapon Shoppe.
  1163 | D        | Bought a scroll of fog for 20 gold pieces
  1163 | D        | Bought a potion of curing for 30 gold pieces
  1185 | D        | Noticed Agnes
  1208 | D        | Slain by Agnes

Illustrated notes

Levels and vault maps discovered:
D:        dungeon_sprint_fedhas [sprint_temple]

Skill      XL: |  1  2  3  4  5  6  7  8  9 10 |
---------------+-------------------------------+-----
Dodging        | 2 3 4 5 |  5.1
Unarmed Combat | 4 5 7 8 9 10 11 12 13 14 | 14.5
Spellcasting   | 2 3 4 5 6 7 |  7.2
Transmutations | 2 3 4 5 6 7 |  7.7
Fighting       | 1 |  1.9
Evocations     | 1 2 3 4 5 6 |  6.2
Stealth        | 1 2 4 5 6 |  6.2
Ice Magic      | 1 |  1.7
Poison Magic   | |  0.6

Action                   |  1- 3 |  4- 6 |  7- 9 | 10-12 || total
-------------------------+-------+-------+-------+-------++-------
Melee: Unarmed           |    13 |    20 |    43 |    30 ||   106
       Punch             |     3 |       |     1 |       ||     4
       Headbutt          |     2 |     1 |     2 |       ||     5
       Kick              |     2 |     2 |     5 |       ||     9
 Cast: Beastly Appendage |     2 |     3 |     2 |       ||     7
       Wereblood         |     1 |     4 |     4 |     3 ||    12
       Ice Form          |       |     1 |     3 |     2 ||     6
       Spider Form       |       |     1 |       |       ||     1
Invok: Call Merchant     |       |       |     1 |       ||     1
       Potion Petition   |       |       |       |     1 ||     1
 Abil: Evoke Invisibilit |       |     3 |     4 |       ||     7
  Use: Potion            |     1 |       |       |     4 ||     5
       Scroll            |       |       |       |     2 ||     2
 Stab: Invisible         |       |     2 |     5 |       ||     7
       Sleeping          |       |     1 |     5 |     2 ||     8
       Distracted        |       |       |     1 |       ||     1
Armor: Robe              |     1 |       |       |       ||     1
       Skin              |       |     2 |     3 |     4 ||     9
Dodge: Dodged            |     3 |     9 |    10 |    11 ||    33

Table legend: (Time is in decaauts)
 A = Elapsed time spent in this place.
 B = Non-inter-level travel time spent in this place.
 C = Inter-level travel time spent in this place.
 D = Time resting spent in this place.
 E = Time spent auto-exploring this place.
 F = Levels seen in this place.
 G = Mean time per level.
                   A        B        C        D        E       F      G
               +--------+--------+--------+--------+--------+-----+--------+
         Total |   1181 |   1181 |      0 |    510 |      0 |   1 | 1181.0 |
       Dungeon |   1181 |   1181 |      0 |    510 |      0 |   1 | 1181.0 |
               +--------+--------+--------+--------+--------+-----+--------+

Top non-repeatable levels by time:
       D: 1181 daAuts
